AoeStats
← Pb^^

Arabia

505112704Analyzed
1v1 RM · 26d ago on Sep 7, 2026· 28m 10s· 2 players
Game mode
Random Map
Map size
Tiny (2 player)
Population
200
Speed
Normal
Resources
Standard
Victory
Conquest
Starting age
Dark Age
Ending age
Imperial Age
RankedLock teamsTeams togetherTeam positionsShared explorationLock speedFull tech treeHidden civsTurbo modeCheats
Victory
Defeat
🇧🇷 Saracens · Brazil
925
+17
🇦🇷 Vietnamese · Argentina
936
-17
Pb^^
6:08 Loom
9:24 Feudal Age
10:21 Double-Bit Axe
21:54 Fletching
25:12 Castle Age
25:15 Light Cavalry
25:56 Husbandry
26:06 Bloodlines
25:18 Crossbowman
27:07 Bodkin Arrow
Thorngul
7:29 Loom
10:39 Feudal Age
11:43 Horse Collar
12:20 Double-Bit Axe
16:09 Town Watch
18:23 Wheelbarrow
22:50 Castle Age
22:18 Gold Mining
22:18 Stone Mining
23:49 Pikeman
24:30 Squires
24:55 Bow Saw
Connection lost

Rejoining the realm…

Still unreachable

The connection could not be restored.

Session expired

The server has moved on; the page needs a fresh start.